 Dungeon Crawl Stone Soup version 0.31.0-32-g396128a36d (webtiles) character file.

Game seed: 1869445613798097545

31 raph the Digger (level 3, -2/20 HPs)
             Began as a Deep Elf Earth Elementalist on Apr 16, 2024.
             Slain by a gnoll
             ... wielding a +0 spear
              (7 damage)
             ... on level 2 of the Dungeon.
             The game lasted 00:01:44 (1010 turns).

raph the Digger (Deep Elf Earth Elementalist)       Turns: 1010, Time: 00:01:45

Health: -2/20      AC:  3    Str:  5    XL:     3   Next: 7%
Magic:  8/9        EV: 12    Int: 21    God:
Gold:   91         SH:  0    Dex: 15    Spells: 4/8 levels left

rFire   . . .        h - +2 whip (venom)
rCold   . . .        (no shield)
rNeg    . . .        a - +0 robe
rPois   .            (no helmet)
rElec   .            (no cloak)
rCorr   .            (no gloves)
SInv    .            e - +0 pair of boots
Will    .....        (no amulet)
Stlth   ++           (no ring)
HPRegen 0.23/turn    (no ring)
MPRegen 0.11/turn

%: no passive effects
@: no status effects
A: no striking features
a: no special abilities


You were on level 2 of the Dungeon.
You visited 1 branch of the dungeon, and saw 2 of its levels.

You collected 91 gold pieces.

Inventory:

Hand Weapons
 d - a +0 dagger
 h - a +2 whip of venom (weapon)
Armour
 a - a +0 robe (worn)
 e - a +0 pair of boots (worn)
Jewellery
 g - an amulet of faith
Scrolls
 c - a scroll of identify {unknown}
 f - a scroll of teleportation {unknown}
 i - a scroll of blinking {unknown}
Potions
 b - a potion of magic


   Skills:
 + Level 0.8 Fighting
 - Level 2.4 Dodging
 - Level 2.4 Stealth
 + Level 3.4 Spellcasting
 + Level 1.7 Conjurations
 * Level 3.9 Earth Magic


You had 4 spell levels left.
You knew the following spells:

 Your Spells              Type           Power      Damage    Failure   Level
a - Sandblast             Erth           40%        2d10      2%          1
b - Passwall              Erth           20%        N/A       8%          3

Your spell library contained the following spells:

 Spells                   Type           Power      Damage    Failure   Level
 Stone Arrow              Conj/Erth      30%        3d8       12%         3
 Inner Flame              Hex/Fire       3%         N/A       36%         3
 Brom's Barrelling Bould  Conj/Erth      15%        2d4       36%         4
 Petrify                  Alch/Erth      11%        N/A       50%         4
 Flame Wave               Conj/Fire      7%         2d5       65%         4
 Sticky Flame             Fire/Alch      3%         2d4       77%         4


Dungeon Overview and Level Annotations

Branches:
Dungeon (2/15)

Altars:


Message History

The hobgoblin shouts!
You hear a shout! x2
Things that are here:
20 gold pieces; a +0 whip You now have 91 gold pieces (gained 20).
Aiming: Sandblast (safe; 2% risk of failure)
Press: ? - help, Q - select action Shift-Dir - straight line, f - hobgoblin
Aim: a hobgoblin (83% to hit)
The blast of sand hits the hobgoblin.
The hobgoblin is moderately wounded.
A gnoll comes into view. It is wielding a +0 spear.
The hobgoblin hits you.
A gnoll comes into view. It is wielding a +0 club.
The hobgoblin attacks as it pursues you!
The hobgoblin hits you.
An endoplasm comes into view.
The hobgoblin attacks as it pursues you!
The hobgoblin misses you.
Aiming: Sandblast (safe; 2% risk of failure)
Press: ? - help, Q - select action Shift-Dir - straight line, f/p - hobgoblin
Aim: a hobgoblin (moderately wounded, 83% to hit)
The blast of sand misses the hobgoblin.
The hobgoblin closely misses you.
Aiming: Sandblast (safe; 2% risk of failure)
Press: ? - help, Q - select action Shift-Dir - straight line, f/p - hobgoblin
Aim: a hobgoblin (moderately wounded, 83% to hit)
The blast of sand hits the hobgoblin.
You kill the hobgoblin!
Unknown command.
The gnoll attacks as it pursues you! The gnoll hits you with a +0 club.
The gnoll hits you with a +0 club. The gnoll attacks as it pursues you!
The gnoll hits you with a +0 club.
* * * LOW HITPOINT WARNING * * *
You see here a +0 hand axe.
The gnoll attacks as it pursues you! The gnoll closely misses you.
The gnoll attacks as it pursues you! The gnoll closely misses you.
The gnoll attacks as it pursues you! The gnoll hits you with a +0 club.
* * * LOW HITPOINT WARNING * * *
The gnoll attacks as it pursues you!
The gnoll hits you from afar with a +0 spear!
You die...

#...#####.####
.............#
##....#####.#..#
#
............#.##
..
...........)...#
.
.##..#####....###
.
.......#...g...#
#.
#..##...##g####
###.##..###..##@#
............>##.#
#####...####.##.#
#...####.##.#
#.........#.#
#...####..#.#
#####............
.........(.......
#####.#.####..#.#


You could see 2 gnolls.

Vanquished Creatures
  A dart slug (D:1)
  An orc (D:2)
  4 ball pythons (D:1)
  2 endoplasms
  3 giant cockroaches
  A goblin (D:1)
  3 hobgoblins
  A kobold (D:1)
  A quokka (D:2)
  5 bats
  3 frilled lizards
25 creatures vanquished.

Notes
Turn   | Place    | Note
-------+----------+-------------------------------------------
     0 | D:1      | raph the Deep Elf Earth Elementalist began the quest for
                  | the Orb.
     0 | D:1      | Reached XP level 1. HP: 10/10 MP: 6/6
   118 | D:1      | Found a faded altar of an unknown god.
   269 | D:1      | Reached XP level 2. HP: 16/16 MP: 5/8
   855 | D:2      | Reached XP level 3. HP: 20/20 MP: 6/9
   859 | D:2      | Learned a level 3 spell: Passwall
  1010 | D:2      | Slain by a gnoll

Illustrated notes

Levels and vault maps discovered:
D:1:      dpeg_arrival_arbitrary_c, layout_basic, basic_ecumenical_altar
D:2:      layout_basic, serial_curves, eino_curves_01, eino_curves_02,
          minmay_pentomino_u4

Action                     || total
---------------------------++-------
  Melee: Whip              ||     1
   Cast: Sandblast         ||    35
 Armour: Robe              ||    11
  Dodge: Dodged            ||    16
